 Dungeon Crawl Stone Soup version 0.30-a0-311-gf115ab0292 (webtiles) character file.

Game seed: 10857635431343121220

607 Sobieck the Magician (level 7, -3/50 HPs)
             Began as a Mummy Summoner on Oct 25, 2022.
             Was an Initiate of Kikubaaqudgha.
             Slain by a gnoll
             ... wielding a +0 whip
              (7 damage)
             ... on level 4 of the Dungeon.
             The game lasted 00:10:42 (5671 turns).

Sobieck the Magician (Mummy Summoner)               Turns: 5671, Time: 00:10:43

Health: -3/50      AC:  2    Str: 11    XL:     7   Next: 19%
Magic:  12/17      EV: 12    Int: 17    God:    Kikubaaqudgha [......]
Gold:   239        SH:  0    Dex: 12    Spells: 11/20 levels left

rFire   x . .      SeeInvis .    a - +0 lajatang {staff}
rCold   + . .      Faith    +    (shield currently unavailable)
rNeg    + + +      Spirit   .    d - +0 robe
rPois   ∞          Reflect  .    (no helmet)
rElec   .          Harm     .    (no cloak)
rCorr   .          Rampage  .    (no gloves)
Will    .....                    (no boots)
Stlth   ++........               (no amulet)
HPRegen 0.28/turn                (no ring)
MPRegen 0.15/turn                (no ring)

@: no status effects
A: cold resistance 1, negative energy resistance 3, torment resistance 2, heat
vulnerability 1, in touch with death 1, no potions, faith
a: Renounce Religion


You were on level 4 of the Dungeon.
You worshipped Kikubaaqudgha.
Kikubaaqudgha was noncommittal.
You visited 1 branch of the dungeon, and saw 5 of its levels.

You collected 239 gold pieces.


Innate Abilities, Weirdness & Mutations

You are immune to poison.
Your flesh is cold resistant. (rC+)
You are immune to negative energy. (rN+++)
You are immune to unholy pain and torment.
You are vulnerable to heat. (rF-)
You are in touch with the powers of death.
You do not drink.
You have a special connection with the divine. (Faith)


   Skills:
 - Level 2.0 Fighting
 - Level 1.5 Dodging
 - Level 1.5 Stealth
 + Level 7.1 Spellcasting
 + Level 5.3 Summonings


You had 11 spell levels left.
You knew the following spells:

 Your Spells              Type           Power      Damage    Failure   Level
a - Call Imp              Summ           24%        N/A       1%          2
b - Summon Small Mammal   Summ           96%        N/A       1%          1
c - Call Canine Familiar  Summ           24%        N/A       3%          3
d - Summon Guardian Gole  Hex/Summ       15%        N/A       12%         3

Your spell library contained the following spells:

 Spells                   Type           Power      Damage    Failure   Level
 Ignite Poison            Fire/Tmut/Pois 6%         N/A       34%         3
 Kindle Blastsparks       Fire/Tloc/Air  12%        2d11      34%         3
 Summon Lightning Spire   Summ/Air       15%        N/A       36%         4
 Freezing Cloud           Conj/Ice/Air   3%         6-21      97%         5
 Beastly Appendage        Tmut           Unusable   N/A       N/A         1
 Wereblood                Tmut           Unusable   N/A       N/A         2
 Spider Form              Tmut/Pois      Unusable   N/A       N/A         3
 Borgnjor's Revivificati  Necr           Unusable   N/A       N/A         8
 Necromutation            Tmut/Necr      Unusable   N/A       N/A         8
 Death's Door             Necr           Unusable   N/A       N/A         9

Inventory:

Hand Weapons
 a - a +0 lajatang (weapon) {staff}
   (You found it on level 4 of the Dungeon)
 b - a +0 hand axe {axe}
   (You found it on level 1 of the Dungeon)
 o - a +0 dagger {short}
   (You took it off a goblin on level 1 of the Dungeon)
 r - a +2 dagger of flaming {short}
   (You took it off a goblin on level 2 of the Dungeon)
 D - a +0 short sword of venom {short}
   (You took it off a kobold on level 3 of the Dungeon)
 E - a +1 dagger of freezing {short}
   (You found it on level 4 of the Dungeon)
Missiles
 f - 45 stones {throwing}
 u - 8 poisoned darts {throwing}
 F - a throwing net {=f!fthrowing}
Armour
 d - a +0 robe (worn)
 g - a +0 ring mail
   (You found it on level 1 of the Dungeon)
 h - a +0 robe
   (You found it on level 1 of the Dungeon)
 k - a +0 ring mail
   (You found it on level 2 of the Dungeon)
 p - a +0 ring mail
   (You found it on level 2 of the Dungeon)
 q - a +0 leather armour
   (You took it off an orc on level 2 of the Dungeon)
 s - a +0 chain mail
   (You took it off Ijyb on level 3 of the Dungeon)
 v - a +0 ring mail
   (You took it off an orc on level 3 of the Dungeon)
 w - a +0 chain mail
   (You took it off an orc on level 3 of the Dungeon)
 x - a +0 chain mail
   (You found it on level 4 of the Dungeon)
 z - a +0 robe
   (You took it off Sigmund on level 4 of the Dungeon)
 A - a +0 ring mail
   (You found it on level 4 of the Dungeon)
 B - a +1 pair of gloves
   (You found it on level 4 of the Dungeon)
 C - the +1 ring mail of Ypoura {rElec}
   (You found it on level 4 of the Dungeon)

   rElec:     It insulates you from electricity.
 G - a +0 ring mail
   (You found it on level 4 of the Dungeon)
Jewellery
 l - a ring of flight
   (You took it off a kobold on level 2 of the Dungeon)
Wands
 t - a wand of paralysis (14)
   (You took it off Ijyb on level 3 of the Dungeon)
Scrolls
 c - a scroll of summoning {unknown}
 e - 2 scrolls of noise {unknown}
 i - 2 scrolls of magic mapping {unknown}
 j - 3 scrolls of identify {unknown}
 m - 4 scrolls of blinking {unknown}
 n - a scroll of fear {unknown}
 y - a scroll of amnesia {unknown}

Dungeon Overview and Level Annotations

Branches:
Dungeon (5/15) Zot: 24299
 Temple: D:4-7

Altars:
Hepliaklqana
Kikubaaqudgha
Nemelex Xobeh
Wu Jian
Xom
Yredelemnul

Shops:
D:1 (   D:3 !

Portals:
Abyss: D:3

Annotations:
D:3 2 transporters, KennySheep's ghost, amateur DgCj
D:4 2 transporters, Ekaitz's ghost, weakling DEAE

.# ##.## ##..##.. ##
##.## #..####.
########## ##.## ##.##
##. .........## ##.#
####.## ##.. ..######..#
#.# ##...## ##..# .##
##.## ##.# ##....#
##..## ## ##..#
##..###....####..## #
#...###5g.##..........##
##
##.####.r.@...........##
.# #..#
##..g.........### .##
#..# #...........## ..#
##.# #######......## ###
#.# ###....!# ##########
#####.## 8...8...# ##.##
8.8.8.8.# ##.##
8^8.8.8.## ##.###


You could see 2 gnolls, a friendly white imp (summoned) and a friendly quokka
(summoned).


Message History

A goblin comes into view. It is wielding a +0 dagger.
The goblin shouts!
Danger!
You see here a ball python corpse.
Your quokka disappears in a puff of smoke!
You swap places.
Your quokka disappears in a puff of smoke!
The goblin closely misses you.
Your white imp gestures at the goblin.
The puff of frost hits the goblin!
The goblin dies!
Kikubaaqudgha accepts your kill.
No target in view!
No target in view!
No target in view!
Things that are here:
a +0 dagger {short}; a goblin corpse You swap places.
Things that are here:
a +0 dagger {short}; a goblin corpse You swap places.
You swap places.
The orc shouts!
Ekaitz's ghost shouts, "I have seen your future, and it is all used up."
Ekaitz's ghost whispers, "Death doesn't hurt.
What you feel is life."
You swap places.
You see here a +0 spear {polearm}.
There is an open door here.
Partly explored, unvisited transporter.
Partly explored, unvisited transporter.
(D) Dungeon
Where to? (Enter - D:4, ? - help)
Your white imp disappears in a puff of smoke!
You see here a +0 spear {polearm}.
There is a stone staircase leading down here.
You climb downwards.
You hear the sound of rushing water.
There is an entrance to a sewer on this level.
Hurry and find it before the portal rusts away!
There is a stone staircase leading up here.
Danger!
Unknown command.
The gnoll shouts!
You hear a shout!
Casting: Summon Small Mammal (safe; 1% risk of failure)
Confirm with . or Enter, or press ? or * to list all spells.
A beastly little devil appears in a puff of flame.
The gnoll shouts!
Casting: Call Imp (safe; 1% risk of failure)
Confirm with . or Enter, or press ? or * to list all spells.
Your crimson imp blinks!
Casting: Summon Small Mammal (safe; 1% risk of failure)
Confirm with . or Enter, or press ? or * to list all spells.
Your bat hits the gnoll but does no damage.
Your bat closely misses the gnoll.
Unknown command.
The gnoll attacks as you move away! The gnoll misses you.
The gnoll hits your quokka with a +0 flail!
Your quokka dies!
Your quokka's corpse disappears in a puff of smoke!
Your bat hits the gnoll.
There is a stone staircase leading up here.
You barely miss the gnoll.
Your bat barely misses the gnoll.
Your bat hits the gnoll.
Your crimson imp hits the gnoll.
The gnoll completely misses you.
Unknown command.
You slash the gnoll!
Your bat hits the gnoll but does no damage. x2
Your bat barely misses the gnoll.
The gnoll hits you with a +0 flail! x2
Your crimson imp completely misses the gnoll.
Unknown command.
Unknown command.
You closely miss the gnoll.
Your bat hits the gnoll but does no damage.
Your bat closely misses the gnoll.
The gnoll hits you with a +0 flail!
* * * LOW HITPOINT WARNING * * *
An iguana comes into view.
Your crimson imp blinks!
An ogre comes into view. It is wielding a +0 giant club.
The gnoll barely misses your bat. The gnoll barely misses you.
The ogre moves out of view.
Unknown command.
Your bat hits the gnoll. The gnoll closely misses you.
The gnoll hits you with a +0 whip.
* * * LOW HITPOINT WARNING * * *
You climb upwards.
Level annotation: 2 transporters, Ekaitz's ghost, weakling DEAE
There is a stone staircase leading down here.
Unknown command.
Unknown command.
Casting: Summon Small Mammal (safe; 1% risk of failure)
Confirm with . or Enter, or press ? or * to list all spells.
A beastly little devil appears in a puff of frigid air.
The gnoll barely misses you. The gnoll hits you with a +0 whip!
* * * LOW HITPOINT WARNING * * *
Casting: Call Imp (safe; 1% risk of failure)
Confirm with . or Enter, or press ? or * to list all spells.
The gnoll hits you with a +0 flail.
* * * LOW HITPOINT WARNING * * *
The gnoll hits you with a +0 whip!
You die...
Kikubaaqudgha rasps: "You have failed me!
Welcome... oblivion!"

Skill      XL: |  1  2  3  4  5  6  7 |
---------------+----------------------+-----
Spellcasting   | 3 4 5 6 7 |  7.1
Summonings     | 4 5 |  5.3
Fighting       | 1 2 |  2.0
Dodging        | |  1.5
Stealth        | |  1.5

Action                   |  1- 3 |  4- 6 |  7- 9 || total
-------------------------+-------+-------+-------++-------
Melee: Hand axe          |    23 |       |       ||    23
       Unarmed           |     3 |       |       ||     3
       Dagger            |    50 |    38 |       ||    88
       Punch             |     1 |       |       ||     1
       Short sword       |       |    73 |       ||    73
       Lajatang          |       |     5 |    36 ||    41
 Cast: Summon Small Mamm |    48 |    43 |    11 ||   102
       Call Imp          |    14 |    24 |     6 ||    44
       Call Canine Famil |       |     5 |       ||     5
 Stab: Distracted        |     1 |       |       ||     1
       Sleeping          |     1 |     2 |     1 ||     4
Armor: Robe              |    13 |    13 |     7 ||    33
Dodge: Dodged            |    66 |    76 |    45 ||   187

Levels and vault maps discovered:
D:1:      erik_arrival_blinker_ship, layout_basic,
          ebering_ecumenical_altar_sacrificial, serial_shops,
          nicolae_shop_bloodbath_and_beyond, chequers_serial_rivers_room_b,
          chequers_decorated_corner, minmay_lizard_king
D:2:      layout_basic
D:3:      layout_loops_ring, lemuel_round_altar, nzn_wu_jian_contemplation,
          xom_confusion_cloud, gammafunk_ghost_abyssal_escape, serial_shops,
          nicolae_shop_trees, uniq_ijyb
D:4:      layout_layer_cave, general_overflow_altar,
          chequers_temple_overflow_statue_of_worship, gammafunk_ghost_arena,
          small_statue_alley_b, minmay_joined_circles, uniq_sigmund
D:5:      layout_basic, gup_sewer_entry_bubbles, uniq_eustachio, uniq_menkaure,
          uniq_duvessa

Notes
Turn   | Place    | Note
-------+----------+-------------------------------------------
     0 | D:1      | Sobieck the Mummy Summoner began the quest for the Orb.
     0 | D:1      | Reached XP level 1. HP: 13/13 MP: 4/4
    58 | D:1      | Found a faded altar of an unknown god.
    97 | D:1      | Reached skill level 3 in Spellcasting
   115 | D:1      | Reached XP level 2. HP: 10/19 MP: 1/6
   119 | D:1      | HP: 4/19 [frilled lizard (3)]
   582 | D:1      | Learned a level 2 spell: Call Imp
   716 | D:1      | Found Rueff's Weapon Shop.
   811 | D:1      | Gained mutation: You are in touch with the powers of death.
                  | [Mummy growth]
   811 | D:1      | Reached XP level 3. HP: 22/24 MP: 2/8
  1371 | D:1      | Reached skill level 4 in Spellcasting
  1444 | D:1      | Reached skill level 4 in Summonings
  1521 | D:2      | Reached XP level 4. HP: 21/30 MP: 5/10
  2043 | D:2      | Reached skill level 5 in Spellcasting
  2047 | D:2      | Learned a level 3 spell: Call Canine Familiar
  2659 | D:3      | Found Miywi's Distillery.
  2690 | D:3      | Noticed a small abomination
  2697 | D:3      | Found a transporter.
  2734 | D:3      | Noticed a small abomination
  2761 | D:3      | Noticed Ijyb
  2787 | D:3      | Noticed a kobold brigand
  2787 | D:3      | Noticed KennySheep's ghost (amateur DgCj)
  2807 | D:3      | Paralysed by Ijyb for 2 turns
  2812 | D:3      | Killed Ijyb
  2813 | D:3      | Reached skill level 1 in Fighting
  2813 | D:3      | Reached XP level 5. HP: 31/37 MP: 6/12
  2949 | D:3      | Found a transporter.
  3072 | D:3      | Found a shimmering altar of Xom.
  3167 | D:3      | Found a one-way gate to the infinite horrors of the Abyss.
  3304 | D:3      | Found a hazy altar of Hepliaklqana.
  3342 | D:3      | You fall into a shaft and drop 1 floor!
  3479 | D:4      | HP: 9/38 [gnoll/+0 whip (6)]
  3661 | D:4      | Reached skill level 2 in Fighting
  3842 | D:3      | Found an ornate altar of the Wu Jian Council.
  3922 | D:4      | Found an ancient bone altar of Kikubaaqudgha.
  3923 | D:4      | Found a sparkling altar of Nemelex Xobeh.
  3930 | D:4      | Became a worshipper of Kikubaaqudgha
  4030 | D:4      | Noticed Sigmund
  4047 | D:4      | Killed Sigmund
  4048 | D:4      | Reached skill level 6 in Spellcasting
  4048 | D:4      | Reached XP level 6. HP: 16/44 MP: 9/15
  4298 | D:4      | Found a transporter.
  4304 | D:4      | Noticed Ekaitz's ghost (weakling DEAE)
  4328 | D:4      | Found a transporter.
  4369 | D:4      | HP: 11/44 [phantom (3)]
  4375 | D:4      | Reached skill level 5 in Summonings
  4375 | D:4      | Identified the +1 ring mail of Ypoura {rElec}
  4538 | D:4      | Reached XP level 7. HP: 44/50 MP: 13/17
  4602 | D:4      | Learned a level 3 spell: Summon Guardian Golem
  4737 | D:4      | HP: 10/50 [scorpion (4)]
  4742 | D:4      | Reached skill level 7 in Spellcasting
  4744 | D:4      | You pick up a book of Changes and begin reading...
  5092 | D:4      | Found a basalt altar of Yredelemnul.
  5118 | D:4      | You add the spells Kindle Blastsparks, Ignite Poison and
                  | Freezing Cloud to your library.
  5659 | D:5      | Entered Level 5 of the Dungeon
  5670 | D:4      | HP: 9/50 [gnoll/+0 whip (7)]
  5671 | D:4      | HP: 4/50 [gnoll/+0 flail (5)]
  5671 | D:4      | Slain by a gnoll

Vanquished Creatures
  A phantom (D:4)
  A scorpion (D:4)
  5 gnolls
  An adder (D:3)
  An ufetubus (D:4)
  An orc (D:3)
  3 ball pythons
  3 bats
  4 endoplasms
  4 giant cockroaches
  3 goblins
  7 hobgoblins
  A quokka (D:3)
  4 frilled lizards
  5 kobolds
  5 rats
49 creatures vanquished.

Vanquished Creatures (collateral kills)
  Sigmund (D:4)
  An iguana (D:4)
  Ijyb (D:3)
  7 gnolls
  4 adders
  A worm (D:3)
  4 orcs
  2 bats
  5 endoplasms
  A giant cockroach (D:1)
  6 goblins
  3 hobgoblins
  4 quokkas
  3 ball pythons
  7 frilled lizards
  4 rats
54 creatures vanquished.

Vanquished Creatures (others)
  3 plants (D:1)
3 creatures vanquished.

Grand Total: 106 creatures vanquished

Table legend:
 A = Non-vault XP
 B = Vault XP
 C = Vault XP percentage of total XP
 D = Non-vault monster count
 E = Vault monster count
 F = Vault count percentage of total count
                 A         B        C        D         E       F
            +---------+---------+-------+---------+---------+-------
      Total |     379 |     489 |  56.3 |      83 |      20 |  19.4
            +---------+---------+-------+---------+---------+-------
        D:1 |      69 |       6 |   8.0 |      27 |       6 |  18.2
        D:2 |      72 |       0 |   0.0 |      21 |       0 |   0.0
        D:3 |      49 |      49 |  50.0 |      14 |       6 |  30.0
        D:4 |     189 |     434 |  69.7 |      21 |       8 |  27.6
            +---------+---------+-------+---------+---------+-------

Illustrated notes

Table legend:
 A = Kills in this place as a percentage of kills in entire the game.
 B = Kills by you in this place as a percentage of kills by you in the entire game.
 C = Kills by friends in this place as a percentage of kills by friends in the entire game.
 D = Other kills in this place as a percentage of other kills in the entire game.
 E = Experience gained in this place as a percentage of experience gained in the entire game.
 F = Experience gained in this place divided by the number of levels of this place that you have seen.
                   A       B       C       D       E      F
               +-------+-------+-------+-------+-------+----------------------
         Total | 100.0 | 100.0 | 100.0 |   N/A | 100.0 | 173.6
       Dungeon | 100.0 | 100.0 | 100.0 |   N/A | 100.0 | 173.6
               +-------+-------+-------+-------+-------+----------------------

Table legend: (Time is in decaauts)
 A = Elapsed time spent in this place.
 B = Non-inter-level travel time spent in this place.
 C = Inter-level travel time spent in this place.
 D = Time resting spent in this place.
 E = Time spent auto-exploring this place.
 F = Levels seen in this place.
 G = Mean time per level.
                   A        B        C        D        E       F      G
               +--------+--------+--------+--------+--------+-----+--------+
         Total |   5699 |   5575 |    124 |    835 |   3704 |   5 | 1139.8 |
       Dungeon |   5699 |   5575 |    124 |    835 |   3704 |   5 | 1139.8 |
               +--------+--------+--------+--------+--------+-----+--------+

Top non-repeatable levels by time:
     D:4: 2165 daAuts
     D:2: 1308 daAuts
     D:1: 1167 daAuts
     D:3: 1047 daAuts
     D:5: 11 daAuts
